 Dungeon Crawl Stone Soup version 0.20.0-14-g326068f (webtiles) character file.

555 4thArraOfDagon the Cutter (level 7, 0/48 HPs)
             Began as a Human Enchanter on June 8, 2017.
             Was an Initiate of Ru.
             Succumbed to a killer bee's poison
             ... on level 5 of the Dungeon.
             The game lasted 00:16:17 (3862 turns).

4thArraOfDagon the Cutter (Human Enchanter)         Turns: 3862, Time: 00:16:18

Health: 0/48       AC:  0    Str:  8 (9)  XL:     7   Next: 56%
Magic:  2/10       EV: 20    Int: 16 (17) God:    Ru [......]
Gold:   160        SH:  0    Dex: 15 (18) Spells: 4/10 levels left

rFire    . . .     SeeInvis .   (weapon currently unavailable)
rCold    . . .     Gourm    +   (shield currently unavailable)
rNeg     . . .     Faith    .   (armour currently unavailable)
rPois    .         Spirit   .   (helmet currently unavailable)
rElec    .         Reflect  .   (cloak currently unavailable)
rCorr    .         Harm     .   (gloves currently unavailable)
MR       .....                  (boots currently unavailable)
Stlth    ++........             m - amulet of the gourmand
Regen    0.2/turn               (ring currently unavailable)
MPRegen  0.2/turn               (ring currently unavailable)

@: lethally poisoned (0 -> -2), bat-form, flying, very slightly contaminated,
very quick
A: no striking features
a: Renounce Religion


You were on level 5 of the Dungeon.
You worshipped Ru.
Ru was noncommittal.
You were not hungry.
You were in bat-form.
You visited 2 branches of the dungeon, and saw 8 of its levels.

You collected 160 gold pieces.

Inventory:

Hand Weapons
 a - a +2 dagger of flaming (melded)
 g - a +0 long sword
Missiles
 f - 61 stones (quivered)
Armour
 b - a +1 robe (melded)
 e - a +0 ring mail
 v - a +0 pair of gloves
Jewellery
 j - a ring of poison resistance (melded)
 k - an uncursed ring of protection from fire
 m - an amulet of the gourmand (around neck)
 q - a ring of magical power (melded)
Wands
 r - a wand of polymorph (10/24)
Scrolls
 l - 3 scrolls of remove curse
 n - a scroll of enchant armour
 t - 2 scrolls of amnesia
Books
 c - a book of Maledictions

   Spells                             Type                      Level
   a - Corona                         Hexes                        1
   b - Ensorcelled Hibernation        Hexes/Ice                    2
   c - Confuse                        Hexes                        3
   d - Tukima's Dance                 Hexes                        3
   e - Dazzling Spray                 Conjuration/Hexes            3
Comestibles
 d - a bread ration
 h - a meat ration
 o - 2 royal jellies
 u - 4 fruits


   Skills:
 + Level 1.6 Fighting
 - Level 5.8 Short Blades
 * Level 0.0(3.5) Long Blades
 + Level 1.8 Armour
 + Level 2.8 Dodging
 - Level 3.0 Stealth
 - Level 2.0 Spellcasting
 - Level 3.0 Hexes
 - Level 2.8 Ice Magic


You had 4 spell levels left.
You knew the following spells:

 Your Spells              Type           Power        Failure   Level  Hunger
a - Corona                Hex            ##.....      6%          1    #......
b - Ensorcelled Hibernat  Hex/Ice        ##....       10%         2    ###....
c - Confuse               Hex            ##......     19%         3    ###....


Dungeon Overview and Level Annotations

Branches:
Dungeon (7/15)             Temple (1/1) D:7

Altars:
Dithmenos
Elyvilon
Hepliaklqana
Kikubaaqudgha
Makhleb
Okawaru
Qazlal
Ru
Sif Muna
Uskayaw
Vehumet
Zin

Annotations:
D:4 Bazza123's ghost, amateur TrBe
D:7 Dowan; Duvessa; Pikel


Message History

The howler monkey hoots and howls with incredible vigour!
Unknown command.
Unknown command.
Unknown command.
Evoke which item? (* to show all) (? for menu, Esc to quit)
Aiming: Polymorph
Press: ? - help, Shift-Dir - straight line, f - you, p - howler monkey That beam is likely to hit you.
Continue anyway?
You turn into a bat.
Your +2 dagger of flaming melds into your body.
Your +1 robe melds into your body.
Your ring of poison resistance melds into your body.
Your ring of magical power melds into your body.
Your +2 dagger of flaming stops flaming.
You feel your magic capacity decrease.
This wand has 10 charges left.
The howler monkey hoots and howls with incredible vigour!
Unknown command.
Unknown command.
Unknown command.
You die...

..# #># #.###.# #.##..#
#.##..# #.##..######
#.##.......######
#.##.#####.......
###.##.# ########
#.b....############
#####.###..#.........##
#o.h..# #..#.###.......
#.###.###..#.# #.###.##
#)# #......#.###.# #.##
#.# ###.#.....##.# #.##
#.# #.#......#.# #...
#.# #.#........# ####
#.# #.#......###


You could see a howler monkey.

Vanquished Creatures
  A hippogriff (D:7)
  A slave (D:6)
  A centaur (D:5)
  A bullfrog (D:6)
  A bullfrog skeleton (D:4)
  2 iguanas
  A worker ant (D:4)
  A hound zombie (D:5)
  A hound skeleton (D:5)
  A howler monkey zombie (D:6)
  3 gnolls (D:4)
  A shadow imp (D:4)
  An adder zombie (D:5)
  An adder skeleton (D:5)
  2 worms
  3 leopard geckos
  5 orcs
  A ball python (D:4)
  2 goblins (D:2)
  5 hobgoblins
  2 quokkas
  5 bats
  2 frilled lizards
  A quokka skeleton (D:3)
  4 rats (D:3)
49 creatures vanquished.

Notes
Turn   | Place    | Note
-------+----------+-------------------------------------------
     0 | D:1      | 4thArraOfDagon the Human Enchanter began the quest for the Orb.
     0 | D:1      | Reached XP level 1. HP: 13/13 MP: 3/3
   684 | D:2      | 4thArraOfDagon: early :(
   771 | D:2      | Reached skill level 2 in Short Blades
   771 | D:2      | Reached XP level 2. HP: 17/19 MP: 3/5
   776 | D:2      | Learned a level 2 spell: Ensorcelled Hibernation
  1056 | D:2      | Found a radiant altar of Vehumet.
  1215 | D:3      | Reached skill level 1 in Ice Magic
  1299 | D:4      | Noticed Bazza123's ghost (amateur TrBe)
  1606 | D:3      | Reached XP level 3. HP: 24/24 MP: 6/6
  1720 | D:3      | Learned a level 3 spell: Confuse
  1843 | D:4      | Reached XP level 4. HP: 26/30 MP: 7/7
  1951 | D:5      | Entered Level 5 of the Dungeon
  1954 | D:5      | Noticed a centaur
  2059 | D:4      | Reached skill level 3 in Short Blades
  2059 | D:4      | Reached XP level 5. HP: 35/35 MP: 8/8
  2512 | D:5      | Reached skill level 4 in Short Blades
  2619 | D:5      | Noticed an ogre
  2738 | D:6      | Reached XP level 6. HP: 41/41 MP: 9/9
  2758 | D:6      | Reached skill level 5 in Short Blades
  2914 | D:7      | Found a staircase to the Ecumenical Temple.
  2914 | D:7      | Noticed a slave
  2914 | D:7      | Noticed a slave
  2919 | D:7      | Noticed a slave
  2922 | D:7      | Noticed Pikel
  2922 | D:7      | Noticed a slave
  2927 | D:6      | Killed a slave
  3024 | D:6      | Reached skill level 1 in Armour
  3024 | D:6      | Reached XP level 7. HP: 34/47 MP: 10/10
  3147 | D:6      | Found a deep blue altar of Sif Muna.
  3160 | D:6      | Found a hide-covered altar of Uskayaw.
  3175 | D:7      | Noticed Duvessa
  3175 | D:7      | Noticed Dowan
  3357 | D:7      | Noticed a hippogriff
  3382 | D:7      | Killed a hippogriff
  3382 | D:7      | Reached skill level 1 in Fighting
  3537 | Temple   | Entered the Ecumenical Temple
  3564 | Temple   | JMM
  3573 | Temple   | Became a worshipper of Ru the Awakened
  3857 | D:5      | HP: 2/48 [poisoned by a killer bee]
  3862 | D:5      | Succumbed to a killer bee's poison

Skill      XL: |  1  2  3  4  5  6  7 |
---------------+----------------------+-----
Short Blades   | 2 3 4 5 |  5.8
Ice Magic      | 1 2 |  2.8
Armour         | 1 |  1.8
Fighting       | 1 |  1.6
Dodging        | |  2.8
Stealth        | |  3.0
Spellcasting   | |  2.0
Hexes          | |  3.0

Action                   |  1- 3 |  4- 6 |  7- 9 || total
-------------------------+-------+-------+-------++-------
Melee: Dagger            |    81 |    41 |    27 ||   149
Throw: Stone             |       |     7 |       ||     7
 Cast: Corona            |    14 |       |       ||    14
       Ensorcelled Hiber |     7 |    26 |    17 ||    50
       Confuse           |     3 |     7 |     3 ||    13
Evoke: Wand              |       |     1 |     7 ||     8
  Use: Scroll            |     3 |     7 |     2 ||    12
       Potion            |       |       |     2 ||     2
 Stab: Sleeping          |     4 |    17 |     6 ||    27
       Confused          |     3 |     4 |     2 ||     9
  Eat: Chunk             |     4 |     4 |     3 ||    11
       Royal jelly       |       |     1 |     1 ||     2
       Fruit             |       |       |     1 ||     1
Armor: Robe              |    15 |     5 |     4 ||    24
Dodge: Dodged            |    60 |    32 |    25 ||   117
